 Dungeon Crawl Stone Soup version 0.29.1-13-g9f3cf754e1 (webtiles) character file.

Game seed: 7470854859103034814

133 croobank the Agent of Entropy (level 4, 0/35 HPs)
             Began as a Demonspawn Abyssal Knight on Jan 28, 2023.
             Was a Priest of Lugonu.
             Slain by an iguana (3 damage)
             ... on level 3 of the Dungeon.
             The game lasted 00:05:18 (2586 turns).

croobank the Agent of Entropy (DsAK)                Turns: 2586, Time: 00:05:18

Health: 0/35       AC: 12    Str: 11 (14) XL:     4   Next: 93%
Magic:  5/6        EV: 10    Int: 11 (13) God:    Lugonu [***...]
Gold:   85         SH:  0    Dex: 12 (13) Spells: 4/4 levels left

rFire   . . .      SeeInvis .   a - +1 hand axe
rCold   . . .      Faith    .   (no shield)
rNeg    . . .      Spirit   .   i - +0 ring mail
rPois   .          Reflect  .   (no helmet)
rElec   .          Harm     .   (no cloak)
rCorr   .          Rampage  .   (no gloves)
Will    .....                   (no boots)
Stlth   +.........              (no amulet)
HPRegen 0.11/turn               (no ring)
MPRegen 0.10/turn               (no ring)

@: sanguine armoured, attractive
A: spiny 1, sanguine armour 1, shaggy fur 1, evolution 1
a: Renounce Religion, Depart the Abyss, Bend Space, Banish


You were on level 3 of the Dungeon.
You worshipped Lugonu.
Lugonu was most pleased with you.
You visited 1 branch of the dungeon, and saw 3 of its levels.
You visited the Abyss 1 time.

You collected 85 gold pieces.

Inventory:

Hand Weapons
 a - a +1 hand axe (weapon)
 d - a +0 short sword
Armour
 b - a +0 leather armour
 i - a +0 ring mail (worn)
Magical Staves
 l - a staff of cold
Jewellery
 g - a ring of protection from fire
Scrolls
 h - a scroll of identify {unknown}
Potions
 c - 2 potions of mutation
 j - a potion of berserk rage {unknown}
 k - 2 potions of cancellation {unknown}


   Skills:
 + Level 3.5 Fighting
 + Level 2.5 Axes
 + Level 2.5 Armour
 + Level 2.0 Dodging
 + Level 0.5 Spellcasting
 + Level 3.6 Invocations


You had 4 spell levels left.
You didn't know any spells.
Your spell library contained the following spells:

 Spells                   Type           Power      Damage    Failure   Level
 Blink                    Tloc           0%         N/A       77%         2
 Ignite Poison            Fire/Tmut/Pois 0%         N/A       94%         3
 Lesser Beckoning         Tloc           0%         N/A       94%         3
 Mephitic Cloud           Conj/Pois/Air  0%         N/A       94%         3
 Freezing Cloud           Conj/Ice/Air   0%         6-21      100%        5
 Manifold Assault         Tloc           0%         N/A       100%        5


Dungeon Overview and Level Annotations

Branches:
Dungeon (3/15)

Altars:

Annotations:
D:3 Terence


Innate Abilities, Weirdness & Mutations

You are partially covered in sharp spines.
When seriously injured, your blood forms armour. (AC +6)
You are covered in fur. (AC +1)
You have hidden genetic potential.


Message History

You closely miss the iguana.
The iguana is lightly wounded.
The iguana bites you!
Your blood congeals into armour.
You are too injured to fight recklessly!
You are too injured to fight recklessly!
You are too injured to fight recklessly!
You are too injured to fight recklessly!
You are too injured to fight recklessly!
Space bends violently around you!
You blink.
Terence the Incautious comes into view.
He is wielding a +2 mace of draining.
Terence shouts!
You hear a shout!
Found a scroll labelled XASIUC EZXURA.
A hobgoblin comes into view. It is wielding a +0 sling.
Terence hits you but does no damage.
You feel drained.
The hobgoblin shoots a sling bullet.
The sling bullet hits you but does no damage.
Terence attacks as you move away! Terence closely misses you.
The hobgoblin shoots a sling bullet.
The sling bullet hits you!
* * * LOW HITPOINT WARNING * * *
You see here a scroll labelled XASIUC EZXURA.
Space bends violently around you!
You blink.
An adder comes into view.
The adder hisses angrily.
The hobgoblin shoots a sling bullet.
The sling bullet hits you.
* * * LOW HITPOINT WARNING * * *
It was a potion of mutation.
You feel extremely strange.
You feel a hidden potential growing inside you.
Fur sprouts all over your body.
It was a potion of degeneration.
There was something very wrong with that liquid.
You feel weakened.
You feel dopey.
You feel clumsy. Terence barely misses you.
The hobgoblin unwields a +0 sling.
The hobgoblin is struck by your spines.
You kill the hobgoblin!
Lugonu accepts your kill.
Your life force feels restored.
It was a potion of attraction.
You feel attractive to monsters. The iguana bites you.
You die...

......##.#.##
.....##.#.##
....##.#.##
#####.#.## ## ##
#.#.## #.## .#
.#.## #.#.# ##
#.#.# #.#.#
##.#.# ##S#.#
##.#.# ##@#.#
#.#.# #l#@#
#l#.###.#.## ##
#.#.#.#.##
.#########J#.#@#
.........##.#.##
#########.##J##
#..### ####


You could see Terence, an iguana and an adder.

Vanquished Creatures
  A scorpion (D:3)
  3 adders
  A worm (D:2)
  An orc (D:3)
  2 endoplasms
  3 giant cockroaches
  6 goblins
  6 hobgoblins
  3 kobolds
  2 quokkas
  4 ball pythons (D:2)
  6 bats
  A frilled lizard (D:2)
  3 rats
  A spectral goblin (D:2)
43 creatures vanquished.

Notes
Turn   | Place    | Note
-------+----------+-------------------------------------------
     0 | Abyss:1  | croobank the Demonspawn Abyssal Knight began the quest for
                  | the Orb.
     0 | Abyss:1  | Reached XP level 1. HP: 18/18 MP: 2/2
     9 | D:1      | Escaped the Abyss
    53 | D:1      | Reached skill level 1 in Dodging
   254 | D:1      | Gained mutation: You are partially covered in sharp spines.
                  | [demonic ancestry]
   254 | D:1      | Reached XP level 2. HP: 16/24 MP: 4/4
   910 | D:1      | Gained mutation: When seriously injured, your blood forms
                  | armour. (AC +6) [demonic ancestry]
   910 | D:1      | Reached XP level 3. HP: 9/29 MP: 5/5
  1484 | D:2      | Found a faded altar of an unknown god.
  1537 | D:2      | Reached *** piety under Lugonu
  2128 | D:2      | Reached XP level 4. HP: 35/35 MP: 6/6
  2308 | D:3      | Noticed a scorpion
  2330 | D:3      | Killed a scorpion
  2577 | D:3      | Noticed Terence
  2584 | D:3      | Gained mutation: You have hidden genetic potential. [potion
                  | of mutation]
  2584 | D:3      | Gained mutation: You are covered in fur. (AC +1) [potion of
                  | mutation]
  2586 | D:3      | Slain by an iguana

Illustrated notes

Levels and vault maps discovered:
D:1:      nicolae_arrival_washed_ashore, layout_basic
D:2:      layout_loops_ring, dreamdust_ecumenical_altar_drowned_temple,
          chequers_serial_rivers_micro_e
D:3:      minmay_inner_zag, layout_rooms, kennysheep_okawaru_gauntlet,
          minivault_5, uniq_robin, uniq_grinder, uniq_terence

Skill      XL: |  1  2  3  4 |
---------------+-------------+-----
Dodging        | 1 2 |  2.0
Armour         | 2 |  2.5
Axes           | 2 |  2.5
Invocations    | 3 |  3.6
Fighting       | |  3.5
Spellcasting   | |  0.5

Action                   |  1- 3 |  4- 6 || total
-------------------------+-------+-------++-------
Melee: Hand axe          |    81 |    16 ||    97
       Punch             |       |     1 ||     1
Invok: Bend Space        |       |     2 ||     2
  Use: Scroll            |     2 |       ||     2
       Potion            |       |     3 ||     3
 Stab: Sleeping          |     1 |       ||     1
Armor: Leather armour    |    19 |       ||    19
       Ring mail         |     9 |    10 ||    19
Dodge: Dodged            |    54 |    15 ||    69
